 Dungeon Crawl Stone Soup version 0.23.2-40-g277498a001 (webtiles) character file.

Game seed: 11828561031987550516

11085 Kikorro the Basher (level 11, -2/103 HPs)
             Began as a Gargoyle Berserker on Sept 1, 2019.
             Was an Elder of Trog.
             Slain by a stone giant (25 damage)
             ... on level 2 of the Orcish Mines.
             The game lasted 00:36:55 (12278 turns).

Kikorro the Basher (Gargoyle Berserker)            Turns: 12278, Time: 00:36:56

Health: -2/103     AC: 24    Str: 29    XL:     11   Next: 72%
Magic:  3/3        EV:  9    Int:  8    God:    Trog [****..]
Gold:   869        SH: 12    Dex:  9    Spells: 10/10 levels left

rFire    . . .     SeeInvis .   R - +4 mace (antimagic)
rCold    . . .     Gourm    +   j - +0 shield
rNeg     + + .     Faith    .   l - +0 chain mail
rPois    ∞         Spirit   .   y - +0 helmet
rElec    +         Reflect  .   E - +1 cloak
rCorr    +         Harm     .   k - +0 pair of gloves
MR       ++...                  (no boots)
Stlth    ..........             b - amulet of the gourmand
HPRegen  1.27/turn              q - ring of resist corrosion
MPRegen  0.08/turn              K - ring of positive energy

@: berserking, regenerating, very quick
A: negative energy resistance 1, electricity resistance, unbreathing,
petrification resistance, rot immunity, AC +8
a: Berserk, Trog's Hand, Brothers in Arms, Renounce Religion


You were on level 2 of the Orcish Mines.
You worshipped Trog.
Trog was greatly pleased with you.
You were very full.

You visited 2 branches of the dungeon, and saw 12 of its levels.

You collected 1034 gold pieces.
You spent 165 gold pieces at shops.

Inventory:

Hand Weapons
 R - a +4 antimagic mace (weapon)
Armour
 j - a +0 shield (worn)
 k - a +0 pair of gloves (worn)
 l - a +0 chain mail (worn)
 y - a +0 helmet (worn)
 E - a +1 cloak (worn)
Jewellery
 b - an amulet of the gourmand (around neck)
 q - a ring of resist corrosion (left hand)
 H - an uncursed ring of see invisible
 K - a ring of positive energy (right hand)
Wands
 i - a wand of random effects (13)
 D - a wand of iceblast (7)
 I - a wand of polymorph (10)
 N - a wand of disintegration (14)
 P - a wand of enslavement (11)
Scrolls
 e - 2 scrolls of random uselessness {unknown}
 f - 4 scrolls of magic mapping {unknown}
 h - 7 scrolls of teleportation {unknown}
 t - 2 scrolls of noise {unknown}
 u - a scroll of fog {unknown}
 v - 2 scrolls of enchant weapon {unknown}
 z - 3 scrolls of blinking {unknown}
 B - 3 scrolls of remove curse {unknown}
 G - 2 scrolls of enchant armour {unknown}
 L - a scroll of amnesia {unknown}
 Q - a scroll of summoning {unknown}
Potions
 a - 2 potions of ambrosia {unknown}
 m - 6 potions of curing
 n - 2 potions of agility
 o - a potion of cancellation
 p - a potion of invisibility
 r - a potion of flight
 w - a potion of lignification {unknown}
 A - 3 potions of heal wounds {unknown}
 C - a potion of mutation {unknown}
 F - 2 potions of degeneration {unknown}
 J - a potion of brilliance {unknown}
 O - a potion of resistance {unknown}
Miscellaneous
 M - a box of beasts
Comestibles
 c - 15 rations
 d - 3 chunks of flesh


   Skills:
 + Level 8.5 Fighting
 + Level 11.6 Maces & Flails
 + Level 8.1 Armour
 + Level 4.0 Dodging
 + Level 10.0 Shields


You had 10 spell levels left.
You didn't know any spells.
Your spell library was empty.

Dungeon Overview and Level Annotations

Branches:
Dungeon (10/15)            Temple (0/1) D:7             Orc (2/2) D:10
   Lair: D:8-11         Elf: Orc:2

Altars:
Ashenzari
Cheibriados
Dithmenos
Elyvilon
Hepliaklqana
Qazlal
Uskayaw
Zin
The Shining One

Shops:
D:6 =[=([   D:8 *   D:10 *


Innate Abilities, Weirdness & Mutations

You are resistant to torment.
Your stone body is resilient. (AC +8)
You are immune to poison.
You resist negative energy. (rN+)
You are resistant to electric shocks. (rElec)
You can survive without breathing.
You are immune to petrification.
You are immune to rotting.


Message History

The stone giant is severely wounded.
The stone giant hits you!
You hit the stone giant.
The stone giant is severely wounded.
The stone giant hits you!
* * * LOW HITPOINT WARNING * * *
Your chain mail prevents you from hitting the stone giant.
The stone giant is severely wounded.
You block the stone giant's attack.
You hit the stone giant.
The stone giant is almost dead.
You hit the stone giant but do no damage.
The stone giant is almost dead.
The stone giant hits you!
* * * LOW HITPOINT WARNING * * *
You feel better. The stone giant barely misses you.
A red film seems to cover your vision as you go berserk!
You feel yourself moving faster!
You feel mighty!
You feel quite a bit less full. The stone giant hits you!!
You die...

.....o....#...#
#........ ...## .
#$.....#
....####$#
#.....##
....#.#.##
#.....###..#.....#
##.()..##.##....##
##..............##
##...##CO...#....
##..#.#@........
##....(†........##
##..............##
##..............#
##.............#
##............#
##.#..#.....#
##...........##
##.......^.....#


You could see a stone giant and an ogre.

Vanquished Creatures
  A two-headed ogre (D:8)
  Urug (D:10)
  2 unseen horrors (D:10)
  2 orc knights
  A deep elf mage (D:8)
  A cyclops (Orc:1)
  A centaur skeleton (D:10)
  2 trolls (Orc:1)
  A hornet (D:10)
  2 hippogriffs
  Sigmund (D:4)
  4 yaks
  3 hogs (D:7)
  A human (D:7)
  A hungry ghost (D:10)
  3 wargs
  8 orc warriors
  An ice beast (D:8)
  3 phantoms
  A sky beast (D:5)
  5 ogres
  4 centaurs
  A big kobold (D:7)
  3 bullfrogs
  A gnoll sergeant (D:8)
  A wyvern skeleton (D:6)
  3 scorpions
  A troll zombie (D:10)
  4 howler monkeys
  A crimson imp (D:9)
  A hound (D:5)
  3 jellies
  6 orc priests
  5 orc wizards
  A bullfrog skeleton (D:4)
  7 iguanas
  Ijyb (D:3)
  6 worker ants
  5 ogre zombies (D:10)
  A hound skeleton (D:6)
  Robin (D:4)
  A worker ant zombie (D:8)
  15 adders
  16 gnolls
  A howler monkey skeleton (D:7)
  3 shadow imps
  An adder zombie (D:9)
  2 adder skeletons
  A worm (D:2)
  3 dart slugs
  4 leopard geckos
  43 orcs
  A ball python (D:1)
  2 bat zombies (D:1)
  3 giant cockroaches
  20 goblins
  13 hobgoblins
  3 quokkas
  A ball python skeleton (D:5)
  4 bats
  5 frilled lizards
  A goblin skeleton (D:10)
  4 goblin zombies (D:10)
  2 hobgoblin skeletons (D:10)
  2 hobgoblin zombies (D:10)
  6 kobolds
  4 orc skeletons (D:10)
  6 orc zombies (D:10)
  A quokka skeleton (D:3)
  8 rats
277 creatures vanquished.

Notes
Turn   | Place    | Note
-------+----------+-------------------------------------------
     0 | D:1      | Kikorro the Gargoyle Berserker began the quest for the Orb.
     0 | D:1      | Reached XP level 1. HP: 14/14 MP: 1/1
   110 | D:1      | Reached XP level 2. HP: 12/19 MP: 2/2
   552 | D:1      | Reached XP level 3. HP: 18/24 MP: 3/3
  1335 | D:2      | Reached ** piety under Trog
  1865 | D:3      | Noticed Ijyb
  1893 | D:3      | Killed Ijyb
  1893 | D:3      | Reached XP level 4. HP: 28/29 MP: 4/4
  2029 | D:3      | Reached skill level 1 in Shields
  2041 | D:3      | Reached skill level 4 in Maces & Flails
  2084 | D:3      | Reached XP level 5. HP: 23/33 MP: 5/5
  2781 | D:4      | Noticed Sigmund
  2786 | D:4      | Killed Sigmund
  2786 | D:4      | Reached XP level 6. HP: 39/39 MP: 6/6
  3283 | D:4      | Reached skill level 5 in Maces & Flails
  3384 | D:4      | Noticed a phantom
  3436 | D:4      | Killed a phantom
  3436 | D:4      | Reached XP level 7. HP: 32/44 MP: 7/7
  3635 | D:4      | Noticed Robin
  3654 | D:4      | Killed Robin
  3665 | D:4      | Reached *** piety under Trog
  4074 | D:5      | Entered Level 5 of the Dungeon
  4305 | D:5      | Reached skill level 6 in Maces & Flails
  4326 | D:5      | Reached XP level 8. HP: 31/48 MP: 8/8
  4497 | D:5      | Found a hazy altar of Hepliaklqana.
  4573 | D:5      | Found a stormy altar of Qazlal.
  4574 | D:5      | Noticed an air elemental
  4575 | D:5      | Noticed a water elemental
  4943 | D:5      | Found a hide-covered altar of Uskayaw.
  4982 | D:6      | Found Xuwn's Jewellery Shoppe.
  5009 | D:6      | Reached skill level 5 in Fighting
  5168 | D:6      | Bought an uncursed ring of see invisible for 165 gold
                  | pieces
  5211 | D:6      | Found a snail-covered altar of Cheibriados.
  5336 | D:6      | Reached skill level 5 in Armour
  5372 | D:6      | Found Deurghadd's Jewellery Shoppe.
  5430 | D:6      | Reached skill level 5 in Shields
  5485 | D:6      | Found Salieczu's Armour Shoppe.
  5495 | D:6      | Found Xaufidgh's Weapon Shoppe.
  5512 | D:6      | Found Haekiqil's Antique Armour Emporium.
  5701 | D:7      | Noticed a yak
  5716 | D:7      | Reached skill level 7 in Maces & Flails
  5727 | D:7      | Reached **** piety under Trog
  5744 | D:7      | Reached XP level 9. HP: 27/54 MP: 9/9
  6027 | D:7      | Found a staircase to the Ecumenical Temple.
  6094 | D:7      | Reached skill level 8 in Maces & Flails
  7226 | D:8      | Found Qiety's Assorted Antiques.
  7361 | D:8      | Noticed a deep elf mage
  7380 | D:8      | Killed a deep elf mage
  7501 | D:8      | Found a white marble altar of Elyvilon.
  7507 | D:8      | Noticed a two-headed ogre
  7520 | D:8      | Killed a two-headed ogre
  7520 | D:8      | Reached skill level 9 in Maces & Flails
  7520 | D:8      | Reached XP level 10. HP: 61/61 MP: 10/10
  7784 | D:8      | Found a shadowy altar of Dithmenos.
  8536 | D:9      | Reached skill level 10 in Maces & Flails
  8974 | D:9      | Found a shattered altar of Ashenzari.
  9277 | D:10     | Entered Level 10 of the Dungeon
  9280 | D:10     | Noticed an unseen horror
  9290 | D:10     | Noticed an orc knight
  9304 | D:10     | Killed an unseen horror
  9679 | D:10     | Killed an orc knight
 10024 | D:10     | Reached ***** piety under Trog
 10099 | D:10     | Reached XP level 11. HP: 43/68 MP: 11/11
 10109 | D:10     | Received a gift from Trog
 10143 | D:10     | Found a staircase to the Orcish Mines.
 10328 | D:10     | Noticed an unseen horror
 10346 | D:10     | Killed an unseen horror
 10346 | D:10     | Reached skill level 11 in Maces & Flails
 10357 | D:10     | Noticed Urug
 10386 | D:10     | Killed Urug
 10554 | D:10     | Found a glowing golden altar of the Shining One.
 10639 | D:10     | Found Cixi's Assorted Antiques.
 10844 | D:10     | Found a glowing silver altar of Zin.
 10980 | Orc:1    | Entered Level 1 of the Orcish Mines
 11371 | Orc:1    | Noticed a cyclops
 11414 | Orc:1    | Killed a cyclops
 11838 | Orc:1    | Noticed an orc knight
 11870 | Orc:1    | Killed an orc knight
 12128 | Orc:2    | Entered Level 2 of the Orcish Mines
 12230 | Orc:2    | Reached skill level 10 in Shields
 12236 | Orc:2    | Noticed a stone giant
 12276 | Orc:2    | HP: 3/69 [stone giant (10)]
 12278 | Orc:2    | Slain by a stone giant

Skill      XL: |  1  2  3  4  5  6  7  8  9 10 11 |
---------------+----------------------------------+-----
Fighting       | 4 5 6 7 8 |  8.5
Shields        | 1 2 3 4 5 7 8 10 | 10.0
Maces & Flails | 4 5 6 7 9 10 11 | 11.6
Dodging        | 2 3 4 |  4.0
Armour         | 3 4 5 6 7 8 |  8.1

Action                   |  1- 3 |  4- 6 |  7- 9 | 10-12 || total
-------------------------+-------+-------+-------+-------++-------
Melee: Mace              |   164 |   203 |   582 |   728 ||  1677
Invok: Berserk           |       |     1 |     9 |     7 ||    17
       Trog's Hand       |       |       |     1 |     4 ||     5
  Use: Scroll            |     3 |     2 |     2 |       ||     7
       Potion            |       |       |       |     3 ||     3
  Eat: Chunk             |     4 |    13 |    19 |    33 ||    69
Armor: Animal skin       |    18 |       |       |       ||    18
       Chain mail        |    83 |   121 |   364 |   302 ||   870
Dodge: Dodged            |    70 |    69 |   175 |   167 ||   481
Block: Shield            |    49 |   102 |   340 |   361 ||   852
